 Dungeon Crawl Stone Soup version 0.28-b1-25-g9875b3fc8c (webtiles) character file.

Game seed: 11281219657334810718

71 pkoi the Shooter (level 4, 0/37 HPs)
             Began as a Minotaur Hunter on Feb 1, 2022.
             Slain by an orc (2 damage)
             ... on level 2 of the Dungeon.
             The game lasted 00:01:08 (1738 turns).

pkoi the Shooter (Minotaur Hunter)                  Turns: 1738, Time: 00:01:09

Health: 0/37       AC:  3    Str: 19    XL:     4   Next: 5%
Magic:  3/3        EV: 11    Int:  8    God:
Gold:   53         SH:  0    Dex: 10    Spells: 3/3 levels left

rFire   . . .      SeeInvis .   b - +0 whip (flame)
rCold   . . .      Faith    .   (no shield)
rNeg    . . .      Spirit   .   c - +0 leather armour
rPois   .          Reflect  .   (helmet restricted)
rElec   .          Harm     .   (no cloak)
rCorr   .          Rampage  .   (no gloves)
Will    .....                   (no boots)
Stlth   +.........              (no amulet)
HPRegen 0.12/turn               (no ring)
MPRegen 0.08/turn               (no ring)

@: no status effects
A: horns 2, retaliatory headbutt
a: no special abilities


You were on level 2 of the Dungeon.
You visited 1 branch of the dungeon, and saw 3 of its levels.

You collected 53 gold pieces.

Inventory:

Hand Weapons
 a - a +1 shortbow
 b - a +0 whip of flaming (weapon)
 e - a +0 short sword
Missiles
 d - 20 arrows
Armour
 c - a +0 leather armour (worn)
Scrolls
 f - a scroll of vulnerability {unknown}
 g - 3 scrolls of identify {unknown}
 h - a scroll of blinking {unknown}
 i - a scroll of brand weapon {unknown}
 j - 2 scrolls of immolation {unknown}
 k - a scroll of amnesia {unknown}


   Skills:
 - Level 2.5 Fighting
 + Level 5.8 Bows
 - Level 2.2 Dodging
 + Level 1.6 Stealth


You had 3 spell levels left.
You didn't know any spells.
Your spell library was empty.

Dungeon Overview and Level Annotations

Branches:
Dungeon (3/15)

Altars:

Shops:
D:2 (


Innate Abilities, Weirdness & Mutations

You have a pair of horns on your head.
You reflexively headbutt those who attack you in melee.


Message History

You headbutt the orc.
The orc priest looks braver for a moment.
You hit the orc but do no damage. You headbutt the orc.
The orc is almost dead.
The orc hits you with a +0 dagger. The orc priest barely misses you.
You furiously retaliate!
You headbutt the orc priest. The dart slug launches a dart at you.
The slug dart hits you.
You closely miss the orc.
The orc is almost dead.
The orc closely misses you. The orc hits you with a +0 dagger.
The orc priest closely misses you. The orc hits you with a +0 short sword.
The dart slug launches a dart at you. The slug dart misses you.
The slug dart hits the orc priest.
You hit the orc priest. You burn the orc priest.
You kill the orc priest!
The orc hits you with a +0 hand axe. The orc closely misses you.
The orc hits you with a +0 short sword.
You have reached level 4!
You feel stronger. The orc hits you with a +0 hand axe.
* * * LOW HITPOINT WARNING * * *
The orc hits you with a +0 dagger.
* * * LOW HITPOINT WARNING * * *
The dart slug bites you.
* * * LOW HITPOINT WARNING * * *
The orc closely misses you.
You climb upwards.
There is a stone staircase leading down here.
Unknown command.
You hit the orc. You burn the orc. Your headbutt misses the orc.
The orc is almost dead.
The orc hits you with a +0 hand axe.
* * * LOW HITPOINT WARNING * * *
The orc barely misses you. The orc closely misses you.
The dart slug bites you but does no damage.
You hit the orc but do no damage. You headbutt the orc.
You kill the orc!
The orc hits you with a +0 hand axe.
You die...

............)....................
#################################
......##################
.......................#
#####.################.#
###.#.############ #.#
.................# #.#
.##.#.#########ow# #.########
...............)@# #........#
..#.#.##########o## #........#
+##.#.# #..# #........# ......#
##..# #........# ......#
#...####........# ......#
#...............#
......#########....############
......##.................#
.8#'#.##.#######....####.#######


You could see a dart slug and 2 orcs.

Vanquished Creatures
  An orc priest (D:3)
  2 adders (D:2)
  An orc (D:2)
  3 endoplasms (D:1)
  A giant cockroach (D:1)
  5 goblins
  2 kobolds (D:1)
  A quokka (D:1)
  3 ball pythons
  3 bats (D:2)
  2 frilled lizards
  6 rats
30 creatures vanquished.

Notes
Turn   | Place    | Note
-------+----------+-------------------------------------------
     0 | D:1      | pkoi the Minotaur Hunter began the quest for the Orb.
     0 | D:1      | Reached XP level 1. HP: 18/18 MP: 0/0
     3 | D:1      | Noticed a minotaur skeleton
     9 | D:1      | Noticed a minotaur skeleton
   149 | D:1      | Reached XP level 2. HP: 25/25 MP: 1/1
   632 | D:1      | Reached skill level 5 in Bows
   915 | D:2      | Found a faded altar of an unknown god.
   931 | D:2      | Found Bibebb's Weapon Boutique.
  1007 | D:2      | Reached XP level 3. HP: 23/30 MP: 2/2
  1249 | D:2      | Reached skill level 1 in Stealth
  1735 | D:3      | Reached XP level 4. HP: 15/37 MP: 3/3
  1738 | D:2      | Slain by an orc

Illustrated notes

Levels and vault maps discovered:
D:1:      shiori_arrival_whats_in_store_for_you, layout_basic
D:2:      layout_basic, ebering_ecumenical_altar_ruins, serial_shops,
          nicolae_square_shop
D:3:      layout_basic, gup_sewer_entry_bubbles, uniq_jessica, uniq_sigmund

Skill      XL: |  1  2  3 |
---------------+----------+-----
Bows           | 5 |  5.8
Stealth        | 1 |  1.6
Fighting       | |  2.5
Dodging        | |  2.2

Action                   |  1- 3 |  4- 6 || total
-------------------------+-------+-------++-------
Melee: Whip              |    64 |     2 ||    66
       Headbutt          |     4 |     1 ||     5
 Stab: Sleeping          |     1 |       ||     1
Armor: Leather armour    |    19 |     1 ||    20
Dodge: Dodged            |    52 |     3 ||    55
